 Dungeon Crawl Stone Soup version 0.29-a0-275-g389c0b56f3 (webtiles) character file.

Game seed: 16861764015765926386

802 bande the Chopper (level 7, -8/44 HPs)
             Began as a Gargoyle Fighter on Mar 10, 2022.
             Was an Initiate of Okawaru.
             Mangled by an ogre
             ... wielding a +0 giant club
              (15 damage)
             ... on level 5 of the Dungeon.
             The game lasted 00:08:19 (5148 turns).

bande the Chopper (Gargoyle Fighter)                Turns: 5148, Time: 00:08:20

Health: -8/44      AC: 18    Str: 20    XL:     7   Next: 90%
Magic:  7/7        EV:  7    Int:  8    God:    Okawaru [......]
Gold:   238        SH:  6    Dex: 11    Spells: 6/6 levels left

rFire   . . .      SeeInvis +   a - +0 war axe (spect)
rCold   . . .      Faith    .   c - +1 buckler
rNeg    + . .      Spirit   .   r - +0 chain mail
rPois   ∞          Reflect  .   (no helmet)
rElec   +          Harm     .   (no cloak)
rCorr   .          Rampage  .   (no gloves)
Will    .....                   (no boots)
Stlth   ..........              (no amulet)
HPRegen 0.14/turn               l - +4 ring of protection
MPRegen 0.10/turn               n - ring of see invisible

@: no status effects
A: sickness immunity, AC +4, negative energy resistance 1, electricity
resistance, torment resistance 1, petrification resistance
a: Renounce Religion


You were on level 5 of the Dungeon.
You worshipped Okawaru.
Okawaru was noncommittal.
You visited 2 branches of the dungeon, and saw 6 of its levels.

You collected 238 gold pieces.

Inventory:

Hand Weapons
 a - a +0 spectral war axe (weapon)
 i - a +0 flail
Missiles
 e - 2 throwing nets (quivered)
Armour
 c - a +1 buckler (worn)
 r - a +0 chain mail (worn)
Jewellery
 l - a +4 ring of protection (left hand)
 n - a ring of see invisible (right hand)
Wands
 o - a wand of mindburst (6)
Scrolls
 b - a scroll of identify
 j - a scroll of amnesia
 m - 2 scrolls of magic mapping
 s - a scroll of torment
 t - a scroll of blinking
 u - a scroll of teleportation
Potions
 d - 2 potions of might
 g - a potion of berserk rage
 h - a potion of curing
 k - a potion of haste
 p - a potion of brilliance
 q - a potion of heal wounds


   Skills:
 + Level 5.0 Fighting
 + Level 5.5 Axes
 + Level 5.4 Armour
 - Level 0.2 Dodging
 - Level 0.1 Stealth
 + Level 4.4 Shields
 * Level 0.8 Invocations
 * Level 1.0 Evocations


You had 6 spell levels left.
You didn't know any spells.
Your spell library contained the following spells:

 Spells                   Type           Power      Damage    Failure   Level
 Portal Projectile        Hex/Tloc       0%         N/A       100%        3
 Leda's Liquefaction      Hex/Erth       0%         N/A       100%        4
 Call Canine Familiar     Summ           Unusable   N/A       N/A         3

Dungeon Overview and Level Annotations

Branches:
Dungeon (5/15)             Temple (1/1) D:4

Altars:
Elyvilon
Fedhas
Gozag
Hepliaklqana
Kikubaaqudgha
Okawaru
Sif Muna
Trog
Uskayaw
Vehumet
Yredelemnul
Zin
The Shining One


Innate Abilities, Weirdness & Mutations

You are immune to sickness and miasma.
Your stone body is resilient. (AC +4)
You are immune to poison.
You resist negative energy. (rN+)
You are resistant to electric shocks. (rElec)
You are resistant to unholy torment.
You are immune to petrification.


Message History

Okawaru accepts your kill.
You slash the orc!
You kill the orc!
Okawaru accepts your kill.
Your Evocations skill increases to level 1!
You closely miss the ufetubus. You completely miss the adder.
The ufetubus hits you. x2; The adder bites you but does no damage.
The ufetubus hits you but does no damage.
The ufetubus hits you.
Unknown command.
You slash the ufetubus!
You kill the ufetubus!
Okawaru accepts your kill.
You closely miss the iguana. You closely miss the adder.
Your +0 spectral war axe barely misses the iguana.
Your +0 spectral war axe hits the adder!
Your +0 spectral war axe completely misses the ogre.
Your +0 spectral war axe hits the hound!
The hound bites your +0 spectral war axe but does no damage.
The adder bites your +0 spectral war axe but does no damage.
The iguana bites you.
The ogre completely misses your +0 spectral war axe.
The hound bites your +0 spectral war axe but does no damage.
The adder bites your +0 spectral war axe but does no damage.
The iguana barely misses your +0 spectral war axe.
The iguana bites you but does no damage.
You swap places.
The hound bites you.
The ogre hits you with a +0 giant club!!
Ouch! That really hurt!
* * * LOW HITPOINT WARNING * * *
The adder bites you but does no damage. You block the hound's attack.
The iguana bites you but does no damage.
You block the iguana's attack.
You barely miss the hound.
The hound is almost dead.
You closely miss the iguana. You barely miss the iguana.
You closely miss the adder. You barely miss the ogre.
The adder bites you but does no damage. The hound bites you but does no damage.
The iguana barely misses you. The ogre hits you with a +0 giant club!
You die...

##....#.....###
#....#...###
###..#####
#+########.#
...........#
...........#
[.....§....#
#######'####
#S@l# #.Ohl.#
#.......#
#......=#
#.......#
##.....##
##...## #####


You could see an ogre, 2 iguanas, a hound and an adder.

Vanquished Creatures
  Sigmund (D:2)
  A sky beast (D:5)
  3 scorpions (D:4)
  A gnoll shaman (D:4)
  An orc priest (D:3)
  2 hounds
  An iguana (D:4)
  An orc wizard (D:3)
  5 adders
  5 gnolls (D:4)
  3 ufetubi (D:5)
  3 worms (D:2)
  3 dart slugs
  7 orcs
  3 ball pythons
  5 endoplasms
  A giant cockroach (D:4)
  4 goblins
  12 hobgoblins
  4 jackals (D:1)
  5 kobolds
  5 quokkas
  6 bats
  4 frilled lizards
  5 rats
91 creatures vanquished.

Notes
Turn   | Place    | Note
-------+----------+-------------------------------------------
     0 | D:1      | bande the Gargoyle Fighter began the quest for the Orb.
     0 | D:1      | Reached XP level 1. HP: 14/14 MP: 1/1
   121 | D:1      | Reached XP level 2. HP: 7/19 MP: 2/2
  1121 | D:1      | Reached XP level 3. HP: 24/24 MP: 3/3
  1716 | D:2      | Found a faded altar of an unknown god.
  1726 | D:2      | Reached XP level 4. HP: 23/29 MP: 4/4
  2072 | D:2      | Noticed Sigmund
  2094 | D:2      | Killed Sigmund
  2095 | D:2      | Reached XP level 5. HP: 8/34 MP: 5/5
  2095 | D:2      | Reached XP level 6. HP: 9/39 MP: 6/6
  3032 | D:3      | Found a blossoming altar of Fedhas.
  3125 | D:3      | Found a bloodstained altar of Trog.
  3753 | D:4      | Reached skill level 5 in Armour
  3753 | D:4      | Reached XP level 7. HP: 44/44 MP: 7/7
  3926 | D:4      | Reached skill level 5 in Axes
  4392 | D:4      | Found a staircase to the Ecumenical Temple.
  4419 | Temple   | Entered the Ecumenical Temple
  4475 | Temple   | Became a worshipper of Warmaster Okawaru
  4512 | D:4      | Found a shimmering blue altar of Sif Muna.
  4865 | D:4      | Found a glowing silver altar of Zin.
  4908 | D:5      | Entered Level 5 of the Dungeon
  5061 | D:5      | Reached skill level 5 in Fighting
  5145 | D:5      | Reached skill level 1 in Evocations
  5148 | D:5      | Mangled by an ogre

Illustrated notes

Levels and vault maps discovered:
D:1:      heliophobic_arrival_ceremonial_halls, layout_loops_cross
D:2:      layout_basic, hellmonk_ecumenical_altar_blasted, uniq_sigmund
D:3:      layout_basic, fedhas_altar_1, amcnicky_altar_gilded
D:4:      layout_basic, zin_scriptorium, nicolae_sif_muna_condensation,
          temple_statues
D:5:      minmay_opposing_rooms, layout_cave_pods,
          nicolae_ru_sacrificial_ziggurat, gammafunk_ghost_split
Temple:   dpeg_three_leaves_temple

Skill      XL: |  1  2  3  4  5  6  7 |
---------------+----------------------+-----
Axes           | 2 3 4 5 |  5.5
Armour         | 4 5 |  5.4
Fighting       | 4 5 |  5.0
Shields        | 4 |  4.4
Evocations     | 1 |  1.0
Dodging        | |  0.2
Stealth        | |  0.1
Invocations    | |  0.8

Action                   |  1- 3 |  4- 6 |  7- 9 || total
-------------------------+-------+-------+-------++-------
Melee: War axe           |    95 |    91 |    46 ||   232
  Use: Scroll            |     5 |       |     9 ||    14
       Potion            |       |     1 |       ||     1
Armor: Scale mail        |    56 |    51 |       ||   107
       Chain mail        |       |     3 |    38 ||    41
Dodge: Dodged            |    48 |    23 |    27 ||    98
Block: Buckler           |    27 |    27 |    17 ||    71

Table legend: (Time is in decaauts)
 A = Elapsed time spent in this place.
 B = Non-inter-level travel time spent in this place.
 C = Inter-level travel time spent in this place.
 D = Time resting spent in this place.
 E = Time spent auto-exploring this place.
 F = Levels seen in this place.
 G = Mean time per level.
                   A        B        C        D        E       F      G
               +--------+--------+--------+--------+--------+-----+--------+
         Total |   5234 |   5234 |      0 |   1575 |   2839 |   6 |  872.3 |
       Dungeon |   5164 |   5164 |      0 |   1575 |   2839 |   5 | 1032.8 |
        Temple |     70 |     70 |      0 |      0 |      0 |   1 |   70.0 |
               +--------+--------+--------+--------+--------+-----+--------+

Top non-repeatable levels by time:
     D:1: 1497 daAuts
     D:2: 1176 daAuts
     D:4: 1127 daAuts
     D:3: 1120 daAuts
     D:5: 242 daAuts
  Temple: 70 daAuts
